 Dungeon Crawl Stone Soup version 0.29.0-4-gdea44cf6ec (webtiles) character file.

Game seed: 16256198919144316046

74 qw the Chopper (level 4, -3/26 HPs)
             Began as a Tengu Warper on Aug 29, 2022.
             Slain by Menkaure (7 damage)
             ... on level 4 of the Dungeon.
             The game lasted 00:00:48 (2881 turns).

qw the Chopper (Tengu Warper)                       Turns: 2881, Time: 00:00:48

Health: -3/26      AC:  5    Str: 13    XL:     4   Next: 28%
Magic:  8/8        EV: 11    Int: 13    God:
Gold:   73         SH:  0    Dex: 14    Spells: 7/7 levels left

rFire   . . .      SeeInvis +   Y - +1 hand axe
rCold   . . .      Faith    .   (no shield)
rNeg    . . .      Spirit   .   i - +0 ring mail
rPois   .          Reflect  .   (helmet restricted)
rElec   .          Harm     .   (no cloak)
rCorr   .          Rampage  .   (no gloves)
Will    .....                   (boots unavailable)
Stlth   +.........              (no amulet)
HPRegen 0.08/turn               d - ring of see invisible
MPRegen 0.11/turn               (no ring)

@: no status effects
A: beak, talons 3
a: no special abilities


You were on level 4 of the Dungeon.
You visited 1 branch of the dungeon, and saw 4 of its levels.

You collected 73 gold pieces.


Innate Abilities, Weirdness & Mutations

You have a beak for a mouth.
You have claws for feet.


   Skills:
 - Level 2.0 Fighting
 + Level 4.9 Axes
 - Level 1.0 Throwing
 - Level 1.1 Armour
 - Level 2.1 Dodging
 - Level 2.0 Spellcasting
 - Level 2.4 Translocations


You had 7 spell levels left.
You didn't know any spells.
Your spell library contained the following spells:

 Spells                   Type           Power      Damage    Failure   Level
 Blink                    Tloc           14%        N/A       30%         2
 Gell's Gravitas          Tloc           7%         N/A       52%         3
 Lesser Beckoning         Tloc           7%         N/A       52%         3
 Teleport Other           Tloc           7%         N/A       52%         3
 Manifold Assault         Tloc           7%         N/A       99%         5

Inventory:

Hand Weapons
 e - a +0 club
 Y - a +1 hand axe (weapon)
Missiles
 g - 12 boomerangs (quivered)
Armour
 i - a +0 ring mail (worn)
Jewellery
 d - a ring of see invisible (left hand)
Scrolls
 b - a scroll of identify
Potions
 c - a potion of cancellation
 f - a potion of mutation {unknown}
 h - 2 potions of curing

Dungeon Overview and Level Annotations

Branches:
Dungeon (4/15)
 Temple: D:4-7

Altars:
Uskayaw

Annotations:
D:4 Menkaure


Message History

(D) Dungeon
Where to? (* - list waypoints, Enter - D:3, ? - help)
What level of the Dungeon? (default 1, ? - help)
There is an open gate here.
There is an open gate here.
You see here a throwing net.
There is a stone staircase leading down here.
You climb downwards.
Menkaure shouts!
Found a buckler.
There is a stone staircase leading up here.
Menkaure is nearby!
Existing waypoints: (1) D:2 (2) D:3 Assign waypoint to what number? (0-9, D - delete waypoint) Waypoint 1 re-assigned from D:2 to D:4.
2873 ||| Stepping ~*~*~tactically~*~*~ (hiding).
You start waiting.
Menkaure is nearby!
A goblin comes into view. It is wielding a +0 dagger.
You slash Menkaure! Your kick misses Menkaure.
You peck Menkaure, but do no damage.
Menkaure is moderately damaged.
Menkaure hits you!!
Ouch! That really hurt!
You barely miss Menkaure.
Menkaure is moderately damaged.
You slash Menkaure!
Menkaure is severely damaged.
Menkaure casts a spell.
Menkaure seems to speed up.
You hit Menkaure.
Menkaure is severely damaged.
Menkaure casts a spell at you.
You barely resist.
A dart slug comes into view.
You hit Menkaure.
Menkaure is almost destroyed.
Menkaure hits you!
You die...

. ### ... ##.#
.
#....###.<#...#
.....gM@......#
......##......#
..... .[....##
.... ###......
##. ##...... #
....... .......
...w


You could see Menkaure (fast), a dart slug and a goblin.

Vanquished Creatures
  An adder (D:3)
  A worm (D:3)
  A dart slug (D:2)
  An orc (D:3)
  4 ball pythons
  7 endoplasms
  2 giant cockroaches (D:3)
  4 goblins
  7 hobgoblins
  8 jackals
  A quokka (D:2)
  3 bats
  4 frilled lizards
  3 kobolds
  4 rats
51 creatures vanquished.

Notes
Turn   | Place    | Note
-------+----------+-------------------------------------------
     0 | D:1      | qw the Tengu Warper began the quest for the Orb.
     0 | D:1      | Reached XP level 1. HP: 12/12 MP: 4/4
     0 | D:1      | 0 ||| qw: Version: 0.1-a-89-g26bdef1
     0 | D:1      | 0 ||| qw: Game counter: 3527
     0 | D:1      | 0 ||| qw: Always use a shield: true
     0 | D:1      | 0 ||| qw: God list: Okawaru
     0 | D:1      | 0 ||| qw: Allow faded altars: false
     0 | D:1      | 0 ||| qw: Do Orc after D:15 true
     0 | D:1      | 0 ||| qw: Do second Lair branch before Depths: true
     0 | D:1      | 0 ||| qw: Lair rune preference: random
     0 | D:1      | 0 ||| qw: Plans: Normal
     0 | D:1      | 0 ||| PLANNING D:1-11
   112 | D:1      | 112 ||| Stepping ~*~*~tactically~*~*~ (stealth).
   148 | D:1      | HP: 3/12 [jackal (1)]
   151 | D:1      | Reached skill level 3 in Axes
   151 | D:1      | Reached XP level 2. HP: 4/17 MP: 6/6
   662 | D:1      | You fall into a shaft and drop 1 floor!
   669 | D:2      | 669 ||| UPGRADING to +0 ring mail.
   679 | D:2      | 679 ||| DROPPING +0 leather armour.
   680 | D:2      | 680 ||| UPGRADING to ring of see invisible.
   681 | D:2      | 681 ||| READING scroll labelled RAOLLU KIPTOS.
   718 | D:2      | 718 ||| READING scroll labelled ROEMOE KEYX.
   719 | D:2      | 719 ||| DRINKING 2 fizzy white potions.
   824 | D:2      | 824 ||| DROPPING scroll of blinking.
   825 | D:2      | 825 ||| DROPPING potion of berserk rage.
   830 | D:2      | 830 ||| Stepping ~*~*~tactically~*~*~ (hiding).
  1002 | D:1      | 1002 ||| Stepping ~*~*~tactically~*~*~ (stealth).
  1309 | D:1      | 1309 ||| Stepping ~*~*~tactically~*~*~ (stealth).
  1310 | D:1      | 1310 ||| Stepping ~*~*~tactically~*~*~ (stealth).
  1311 | D:1      | 1311 ||| Stepping ~*~*~tactically~*~*~ (stealth).
  1314 | D:1      | Reached XP level 3. HP: 21/21 MP: 7/7
  1318 | D:1      | 1318 ||| Stepping ~*~*~tactically~*~*~ (stealth).
  1429 | D:2      | Reached skill level 4 in Axes
  1434 | D:2      | 1434 ||| FLEEEEING.
  1435 | D:2      | 1435 ||| FLEEEEING.
  1436 | D:2      | 1436 ||| FLEEEEING.
  1437 | D:2      | 1437 ||| FLEEEEING.
  1438 | D:2      | 1438 ||| FLEEEEING.
  1439 | D:2      | 1439 ||| FLEEEEING.
  1442 | D:2      | 1442 ||| FLEEEEING.
  1443 | D:2      | 1443 ||| FLEEEEING.
  1444 | D:2      | 1444 ||| FLEEEEING.
  1445 | D:2      | 1445 ||| FLEEEEING.
  1446 | D:2      | 1446 ||| STAIRDANCE
  1492 | D:2      | 1492 ||| STAIRDANCE
  1554 | D:2      | Found a faded altar of an unknown god.
  1569 | D:2      | Found a faded altar of an unknown god.
  1955 | D:2      | 1955 ||| READING scroll labelled ZELUKA YREFISK.
  1956 | D:2      | 1956 ||| DRINKING 2 white potions.
  1985 | D:2      | 1985 ||| READING 2 scrolls of identify.
  1985 | D:2      | 1985 ||| IDENTIFYING blue potion
  1986 | D:2      | 1986 ||| DROPPING potion of lignification.
  2004 | D:3      | 2004 ||| STAIRDANCE
  2065 | D:3      | 2065 ||| Stepping ~*~*~tactically~*~*~ (stealth).
  2067 | D:3      | 2067 ||| Stepping ~*~*~tactically~*~*~ (stealth).
  2071 | D:3      | Noticed a +0 dagger
  2071 | D:3      | Noticed a +0 falchion
  2071 | D:3      | Noticed a +0 short sword
  2074 | D:3      | Noticed a +0 spear
  2075 | D:3      | Noticed a +0 spear
  2079 | D:3      | 2079 ||| Stepping ~*~*~tactically~*~*~ (stealth).
  2160 | D:3      | Reached XP level 4. HP: 25/26 MP: 8/8
  2223 | D:3      | 2223 ||| Stepping ~*~*~tactically~*~*~ (stealth).
  2225 | D:3      | 2225 ||| FLEEEEING.
  2226 | D:3      | 2226 ||| FLEEEEING.
  2227 | D:3      | 2227 ||| FLEEEEING.
  2227 | D:3      | HP: 4/26 [orc/iceblast (14)]
  2228 | D:3      | 2228 ||| FLEEEEING.
  2231 | D:3      | 2231 ||| FLEEEEING.
  2232 | D:3      | 2232 ||| FLEEEEING.
  2238 | D:3      | 2238 ||| FLEEEEING.
  2239 | D:3      | 2239 ||| FLEEEEING.
  2240 | D:3      | 2240 ||| FLEEEEING.
  2241 | D:3      | 2241 ||| FLEEEEING.
  2242 | D:3      | 2242 ||| FLEEEEING.
  2243 | D:3      | 2243 ||| FLEEEEING.
  2244 | D:3      | 2244 ||| FLEEEEING.
  2245 | D:3      | 2245 ||| FLEEEEING.
  2246 | D:3      | 2246 ||| FLEEEEING.
  2247 | D:3      | 2247 ||| FLEEEEING.
  2248 | D:3      | 2248 ||| FLEEEEING.
  2250 | D:3      | 2250 ||| FLEEEEING.
  2251 | D:3      | 2251 ||| FLEEEEING.
  2253 | D:3      | 2253 ||| STAIRDANCE
  2501 | D:2      | 2501 ||| READING scroll labelled FEUGHYUMAA.
  2502 | D:2      | 2502 ||| DRINKING 3 cyan potions.
  2518 | D:3      | Noticed a +0 short sword
  2518 | D:3      | Noticed a +0 falchion
  2518 | D:3      | Noticed a +0 dagger
  2530 | D:3      | Found a hide-covered altar of Uskayaw.
  2534 | D:3      | 2534 ||| Stepping randomly (stuck).
  2535 | D:3      | 2535 ||| Stepping randomly (stuck).
  2805 | D:3      | 2805 ||| READING scroll labelled DENWOAQ GAECU.
  2872 | D:4      | Noticed Menkaure
  2873 | D:4      | 2873 ||| Stepping ~*~*~tactically~*~*~ (hiding).
  2877 | D:4      | HP: 4/26 [Menkaure (22)]
  2881 | D:4      | Slain by Menkaure

Levels and vault maps discovered:
D:1:      minmay_arrival_wavy_path, layout_basic, minmay_pentomino_t2
D:2:      layout_basic, hellmonk_ecumenical_altar_the_god_not_taken,
          serial_park_tiny_1, dreamdust_mushroom_princess,
          nicolae_concentric_dashed_squares_wild
D:3:      layout_rooms, nicolae_uskayaw_en_pointe, kennysheep_donut
D:4:      layout_cave_pools, minmay_crystal_water, hangedman_decor_push,
          kennysheep_generic_room_14, uniq_menkaure

Skill      XL: |  1  2  3 |
---------------+----------+-----
Axes           | 3 4 |  4.9
Fighting       | |  2.0
Throwing       | |  1.0
Armour         | |  1.1
Dodging        | |  2.1
Spellcasting   | |  2.0
Translocations | |  2.4

Action                   |  1- 3 |  4- 6 || total
-------------------------+-------+-------++-------
Melee: Hand axe          |    98 |    16 ||   114
       Kick              |    22 |     2 ||    24
       Peck              |    13 |     3 ||    16
       Punch             |       |     1 ||     1
Throw: Boomerang         |    17 |    14 ||    31
  Use: Scroll            |     4 |     2 ||     6
       Potion            |     2 |     1 ||     3
Armor: Leather armour    |    14 |       ||    14
       Ring mail         |    20 |     1 ||    21
Dodge: Dodged            |    53 |     6 ||    59

Table legend:
 A = Non-vault XP
 B = Vault XP
 C = Vault XP percentage of total XP
 D = Non-vault monster count
 E = Vault monster count
 F = Vault count percentage of total count
                 A         B        C        D         E       F
            +---------+---------+-------+---------+---------+-------
      Total |     103 |       3 |   2.8 |      49 |       2 |   3.9
            +---------+---------+-------+---------+---------+-------
        D:1 |      28 |       3 |   9.7 |      17 |       2 |  10.5
        D:2 |      31 |       0 |   0.0 |      16 |       0 |   0.0
        D:3 |      44 |       0 |   0.0 |      16 |       0 |   0.0
            +---------+---------+-------+---------+---------+-------
